 Dungeon Crawl Stone Soup version 0.32-a0-128-g77eb882913 (webtiles) character file.

Game seed: 12926102698000890357

41 cforsyth the Magician (level 3, -4/30 HPs)
             Began as a Djinni Warper on Feb 7, 2024.
             Slain by a black bear (7 damage)
             ... on level 2 of the Dungeon.
             The game lasted 00:01:42 (1756 turns).

cforsyth the Magician (Djinni Warper)               Turns: 1756, Time: 00:01:43

Health: -4/30      AC:  3    Str: 16    XL:     3   Next: 75%
Gold:   116        EV: 12    Int: 16    God:
                   SH:  0    Dex: 12

rFire   + + .        a - +0 falchion
rCold   x . .        h - orb {light}
rNeg    . . .        b - +0 leather armour
rPois   ∞            (no helmet)
rElec   .            (no cloak)
rCorr   .            (no gloves)
SInv    .            (boots unavailable)
Will    .....        (no amulet)
Stlth   +            S - +6 ring of strength
HPRegen 0.25/turn    (no ring)
MPRegen 0.00/turn

%: infuse magic (-5 HP)
@: flying, very slightly contaminated, glowing
A: sickness immunity, fire resistance 2, cold vulnerability 1, float, innate
caster, HP casting, extra vitality 1
a: no special abilities


You were on level 2 of the Dungeon.
You visited 1 branch of the dungeon, and saw 3 of its levels.

You collected 116 gold pieces.


Innate Abilities, Weirdness & Mutations

You are immune to sickness and miasma.
You are immune to poison.
Your flesh is very heat resistant. (rF++)
You are vulnerable to cold. (rC-)
You float through the air rather than walking.
You learn spells naturally, not from books.
Your magical power is your life essence.
You have superior vitality. (+4 MHP)


   Skills:
 + Level 3.0 Fighting
 - Level 1.7 Long Blades
 - Level 0.7 Throwing
 - Level 1.0 Armour
 - Level 2.1 Dodging
 + Level 3.4 Spellcasting
 + Level 3.4 Conjurations
 + Level 3.4 Hexes
 + Level 3.4 Summonings
 + Level 3.4 Necromancy
 + Level 3.4 Translocations
 + Level 3.4 Fire Magic
 + Level 3.4 Ice Magic
 + Level 3.4 Air Magic
 + Level 3.4 Earth Magic
 + Level 3.4 Alchemy


You knew the following spells:

 Your Spells              Type           Power      Damage    Failure   Level
l - Lesser Beckoning      Tloc           26%        N/A       9%          2
m - Manifold Assault      Tloc           13%        N/A       47%         4
t - Teleport Other        Tloc           13%        N/A       16%         3
z - Sandblast             Erth           26%        2d8       5%          1
B - Blink                 Tloc           26%        N/A       9%          2
X - Vhi's Electric Charg  Tloc/Air       26%        N/A       47%         4
Your spell library was empty.

Inventory:

Hand Weapons
 a - a +0 falchion (weapon)
Missiles
 d - 7 darts of dispersal {=f=f}
 m - a throwing net {=f=f}
Armour
 b - a +0 leather armour (worn)
 h - an orb of light (worn)
Jewellery
 S - a +6 ring of strength (left hand)
Scrolls
 c - 2 scrolls of blinking
 g - a scroll of identify {unknown}
 k - 2 scrolls of silence {unknown}
 l - a scroll of fear {unknown}
 n - a scroll of brand weapon {unknown}
Potions
 e - 2 potions of mutation {unknown}
 f - 2 potions of might {unknown}
 i - a potion of brilliance {unknown}
 j - a potion of haste {unknown}

Dungeon Overview and Level Annotations

Branches:
Dungeon (3/15)

Altars:

Shops:
D:2 [

Annotations:
D:2 1 runed translucent door, Crazy Yiuf

####### #.# #.# #.#
##.## #######
#.####...# ......#
#......#.#
####..####
###.##...#
###.#....#
###########.####.#
##.###...#
#...........# #.#
#.##
##..####.###########
#.# .##
##.......h@...# #.#
#.##
##.<.###.#####.# #.#
##.###.#..# #.# #.#
#.# ##>#.##..# #.#
##[## #.# ##§###..#
#.# ##...## #.# ###
#..#
#.###.....######.#
#∩.#
#................#
#..#
#..##.....########
#..# #..###...##


You could see a black bear (berserk).


Message History

Confirm with . or Enter, or press ? or * to list all spells.
You blink.
You feel ready to blink again.
The blast of sand hits the black bear!
The black bear is heavily wounded.
The blast of sand hits the black bear.
The black bear is heavily wounded.
The blast of sand hits the black bear!
The black bear is almost dead.
The black bear goes berserk!
The black bear bites you! The black bear claws you. The black bear misses you.
The blast of sand hits the black bear.
The black bear is almost dead.
* * * LOW HITPOINT WARNING * * *
The black bear bites you!
* * * LOW HITPOINT WARNING * * *
The black bear closely misses you. The black bear barely misses you. x2
The black bear claws you but does no damage.
The black bear barely misses you.
Casting: Sandblast (safe; 5% risk of failure)
Confirm with . or Enter, or press ? or * to list all spells.
Aiming: Sandblast (safe; 5% risk of failure)
Press: ? - help, Shift-Dir - straight line, f/p - black bear
Aim: a black bear (almost dead, berserk, haloed, 90% to hit)
You miscast Sandblast.
You are very lightly contaminated with residual magic.
Nothing appears to happen.
* * * LOW HITPOINT WARNING * * *
The black bear bites you!
You die...

Skill      XL: |  1  2  3 |
---------------+----------+-----
Spellcasting   | 3 |  3.4
Conjurations   | 3 |  3.4
Hexes          | 3 |  3.4
Summonings     | 3 |  3.4
Necromancy     | 3 |  3.4
Translocations | 3 |  3.4
Fire Magic     | 3 |  3.4
Ice Magic      | 3 |  3.4
Air Magic      | 3 |  3.4
Earth Magic    | 3 |  3.4
Alchemy        | 3 |  3.4
Fighting       | 3 |  3.0
Long Blades    | |  1.7
Throwing       | |  0.7
Armour         | |  1.0
Dodging        | |  2.1

Action                     || total
---------------------------++-------
  Melee: Falchion          ||    53
   Cast: Sandblast         ||    28
         Blink             ||     1
 Armour: Leather armour    ||    42
  Dodge: Dodged            ||    45

Levels and vault maps discovered:
D:1:      wander_arrival_fairy_ring, layout_basic
D:2:      layout_loops_ring, serial_shops, shop, uniq_crazy_yiuf_cottage
D:3:      layout_basic, good_gods_temple_1

Notes
Turn   | Place    | Note
-------+----------+-------------------------------------------
     0 | D:1      | cforsyth the Djinni Warper began the quest for the Orb.
     0 | D:1      | cforsyth set off with the following spells memorised:
                  | Blink, Lesser Beckoning, Teleport Other, Manifold Assault,
                  | Vhi's Electric Charge.
     0 | D:1      | Reached XP level 1. HP: 18/18 MP: 0/0
   100 | D:1      | Reached skill level 3 in Spellcasting
   100 | D:1      | Reached skill level 3 in Conjurations
   100 | D:1      | Reached skill level 3 in Hexes
   100 | D:1      | Reached skill level 3 in Summonings
   100 | D:1      | Reached skill level 3 in Necromancy
   100 | D:1      | Reached skill level 3 in Translocations
   100 | D:1      | Reached skill level 3 in Fire Magic
   100 | D:1      | Reached skill level 3 in Ice Magic
   100 | D:1      | Reached skill level 3 in Air Magic
   100 | D:1      | Reached skill level 3 in Earth Magic
   100 | D:1      | Reached skill level 3 in Alchemy
   213 | D:1      | Reached XP level 2. HP: 14/23 MP: 0/0
   806 | D:1      | Reached XP level 3. HP: 29/29 MP: 0/0
   806 | D:1      | Learned a level 1 spell: Sandblast
  1046 | D:2      | Found Selufisu's Antique Armour Shoppe.
  1192 | D:2      | Found a runed translucent door.
  1193 | D:2      | Noticed Crazy Yiuf
  1296 | D:2      | Reached skill level 3 in Fighting
  1738 | D:3      | Noticed a black bear
  1756 | D:2      | Slain by a black bear

Vanquished Creatures
  A ribbon worm (D:2)
  5 endoplasms
  A giant cockroach (D:1)
  2 goblins
  6 hobgoblins
  8 kobolds
  4 quokkas
  2 ball pythons (D:1)
  3 bats
  A frilled lizard (D:2)
  2 rats
35 creatures vanquished.

Table legend: (Time is in decaauts)
 A = Elapsed time spent in this place.
 B = Non-inter-level travel time spent in this place.
 C = Inter-level travel time spent in this place.
 D = Time resting spent in this place.
 E = Time spent auto-exploring this place.
 F = Levels seen in this place.
 G = Mean time per level.
                   A        B        C        D        E       F      G
               +--------+--------+--------+--------+--------+-----+--------+
         Total |   1781 |   1729 |     52 |      0 |   1483 |   3 |  593.7 |
       Dungeon |   1781 |   1729 |     52 |      0 |   1483 |   3 |  593.7 |
               +--------+--------+--------+--------+--------+-----+--------+

Top non-repeatable levels by time:
     D:2: 938 daAuts
     D:1: 841 daAuts
     D:3: 1 daAuts

Table legend:
 A = Non-vault XP
 B = Vault XP
 C = Vault XP percentage of total XP
 D = Non-vault monster count
 E = Vault monster count
 F = Vault count percentage of total count
                 A         B        C        D         E       F
            +---------+---------+-------+---------+---------+-------
      Total |      59 |       0 |   0.0 |      35 |       0 |   0.0
            +---------+---------+-------+---------+---------+-------
        D:1 |      32 |       0 |   0.0 |      19 |       0 |   0.0
        D:2 |      27 |       0 |   0.0 |      16 |       0 |   0.0
            +---------+---------+-------+---------+---------+-------
